Map: Cosmic Sapphire

Players

Nice - Winner!

  • Race: Protoss Protoss
  • Spawn Location: 5:00

HonMonO

  • Race: Terran Terran
  • Spawn Location: 11:00

Event: DreamHack SC2 Masters 2022 Atlanta (Online)

VOD

Have the link to the VOD?

Description

Time

  • Played on: Sept. 28, 2022, 7:30 a.m.
  • Length: 10:16

All games in this series

Show
View Real Time Build Order
Export as new Build Order

Nice Protoss - Winner!

Build Orders: 1 Gate Expand, Oracle Opening, Phoenix Opening 

Get SALT Encoding   

  12  0:00  Probe  
  13  0:12  Probe  
  14  0:19  Pylon  
  14  0:24  Probe (Chrono Boost)  
  15  0:38  Probe (Chrono Boost)  
  15  0:39  Gateway  
  16  0:44  Probe (Chrono Boost)  
  16  0:49  Assimilator  
  17  0:53  Probe  
  18  1:05  Probe  
  19  1:17  Probe  
  20  1:28  Cybernetics Core  
  20  1:36  Nexus  
  20  1:42  Pylon  
  20  1:51  Assimilator  
  20  1:52  Probe  
  21  2:04  Adept (Chrono Boost), Probe  
  24  2:09  Shield Battery  
  24  2:16  Probe  
  25  2:26  Adept  
  25  2:28  Probe  
  28  2:34  Stargate  
  28  2:40  Probe  
  29  2:44  Warp Gate  
  29  2:52  Probe  
  29  2:53  Probe  
  29  2:56  Adept  
  33  3:04  Probe  
  33  3:05  Probe  
  35  3:16  Probe  
  35  3:17  Probe  
  35  3:18  Oracle (Chrono Boost)  
  37  3:22  Pylon  
  40  3:28  Probe  
  40  3:29  Probe  
  42  3:41  Probe  
  43  3:43  Probe  
  43  3:44  Gateway  
  43  3:45  Phoenix (Chrono Boost)  
  43  3:47  Gateway  
  46  3:53  Probe, Pylon  
  47  3:56  Pylon  
  47  4:02  Phoenix  
  47  4:04  Probe  
  47  4:06  Probe  
  51  4:13  Assimilator  
  51  4:16  Probe, Assimilator  
  52  4:18  Probe  
  52  4:20  Shield Battery  
  52  4:23  Shield Battery  
  53  4:38  Adept x2, Void Ray (Chrono Boost)  
  57  4:41  Adept  
  57  4:42  Probe  
  57  4:45  Probe  
  65  4:54  Probe  
  66  5:09  Pylon  
  66  5:10  Pylon  
  66  5:12  Twilight Council  
  70  5:16  Void Ray (Chrono Boost)  
  68  5:23  Stalker  
  68  5:27  Probe x2, Stalker, Forge  
  74  5:28  Stalker  
  76  5:47  Nexus  
  76  5:48  Pylon  
  76  5:55  Protoss Ground Weapons Level 1 (Chrono Boost)  
  76  5:56  Probe  
  76  5:57  Probe  
  80  6:03  Blink (Chrono Boost)  
  80  6:06  Stalker x3  
  84  6:13  Probe x2  
  86  6:25  Probe x2  
  88  6:29  Stalker x2  
  92  6:37  Probe x2  
  90  6:49  Probe  
  90  6:51  Probe  
  90  6:58  Gateway  
  90  7:00  Gateway  
  90  7:01  Sentry x3, Probe  
  92  7:03  Gateway, Probe  
  92  7:04  Gateway, Probe  
  99  7:10  Gateway  
  99  7:14  Probe  
  100  7:16  Probe x2  
  100  7:19  Assimilator  
  100  7:22  Pylon  
  102  7:24  Sentry x2, Stalker, Assimilator  
  102  7:26  Probe  
  109  7:30  Pylon  
  109  7:33  Dark Shrine  
  109  7:36  Charge (Chrono Boost)  
  109  7:40  Probe x2  
  109  7:41  Pylon  
  109  7:43  Probe  
  112  7:48  Stalker x3  
  118  7:51  Gateway  
  118  7:52  Probe x2  
  120  7:59  Stalker x3  
  125  8:08  Photon Cannon  
  125  8:13  Shield Battery  
  125  8:27  Pylon  
  125  8:29  Nexus  
  125  8:32  Pylon  
  113  8:51  Stalker x3  
  113  8:52  Stalker x6  
  121  8:56  Probe  
  109  9:10  Probe x2  
  109  9:11  Probe  
  112  9:17  Zealot x8  
  112  9:22  Probe x2  
  130  9:37  Probe  
  130  9:38  Probe  
  128  9:39  Robotics Facility  
  126  9:47  Zealot x4  
  126  9:48  Zealot x5  
  126  9:49  Probe x2  
  126  9:50  Probe  
  126  9:51  Probe  
Show
View Real Time Build Order
Export as new Build Order

HonMonO Terran 

Build Orders:  

Get SALT Encoding   

  12  0:00  SCV  
  13  0:12  SCV  
  14  0:17  Supply Depot  
  14  0:24  SCV  
  15  0:38  SCV  
  15  0:39  Barracks  
  15  0:42  Refinery  
  16  0:50  SCV  
  16  0:52  Refinery  
  17  1:03  SCV  
  18  1:15  SCV  
  19  1:18  Supply Depot  
  19  1:28  Reaper  
  19  1:30  Orbital Command  
  20  1:45  Factory  
  20  1:56  SCV  
  20  2:00  Barracks Reactor  
  21  2:08  SCV  
  22  2:21  Command Center  
  22  2:24  SCV  
  23  2:31  Widow Mine  
  25  2:39  Starport  
  25  2:40  SCV  
  26  2:46  Supply Depot  
  26  2:52  SCV, Widow Mine  
  29  3:04  SCV, Marine  
  31  3:07  Marine  
  32  3:15  Factory Tech Lab  
  32  3:17  SCV  
  32  3:18  Viking  
  35  3:23  Marine  
  35  3:25  Marine  
  37  3:29  SCV  
  37  3:34  Cyclone  
  41  3:39  Orbital Command  
  41  3:42  Marine  
  41  3:43  Marine  
  41  3:44  SCV  
  44  3:51  Viking  
  46  3:57  SCV  
  46  4:01  Orbital Command  
  46  4:02  Marine x2  
  49  4:06  Cyclone  
  52  4:12  SCV  
  53  4:20  Marine  
  54  4:25  Supply Depot, Marine  
  54  4:27  SCV  
  54  4:28  SCV  
  57  4:31  Medivac  
  59  4:38  Marine  
  59  4:42  Marine  
  61  4:45  Supply Depot  
  61  4:46  SCV x2  
  63  4:56  Cyclone  
  63  4:58  SCV  
  67  5:02  SCV  
  67  5:03  Supply Depot  
  67  5:04  Starport Reactor  
  68  5:10  SCV, Barracks Tech Lab  
  69  5:15  SCV, Barracks  
  70  5:21  Barracks  
  70  5:23  SCV  
  70  5:24  Supply Depot  
  70  5:27  SCV  
  72  5:41  Command Center, SCV  
  72  5:42  SCV, Factory Reactor  
  74  5:49  Stimpack, Marine  
  75  5:52  Refinery  
  75  5:53  Refinery  
  75  5:54  Medivac x2  
  75  5:55  SCV  
  80  6:00  SCV  
  81  6:07  SCV, Marine x2  
  83  6:11  Marine  
  83  6:15  SCV  
  83  6:16  Engineering Bay  
  83  6:17  Supply Depot  
  85  6:26  Marauder, Marine x2  
  85  6:28  Widow Mine x2  
  85  6:31  Combat Shield  
  93  6:35  SCV x2  
  93  6:36  Starport Reactor  
  93  6:39  Barracks  
  92  6:42  Barracks  
  88  6:48  Marine x2  
  88  6:49  SCV  
  89  7:00  SCV  
  89  7:01  SCV  
  91  7:02  Marauder x2  
  91  7:04  Orbital Command  
  91  7:06  Marine  
  96  7:09  Terran Infantry Weapons Level 1  
  96  7:12  SCV  
  96  7:13  SCV  
  96  7:14  Marine  
  99  7:18  Widow Mine x2  
  99  7:22  Missile Turret  
  103  7:24  SCV  
  103  7:26  Medivac  
  103  7:29  Medivac  
  108  7:30  Barracks Tech Lab  
  108  7:32  Marauder  
  108  7:33  Marine  
  108  7:35  Marine  
  113  7:37  SCV  
  113  7:38  SCV  
  113  7:43  Missile Turret  
  114  7:44  Marine  
  114  7:45  Marauder  
  117  7:51  Orbital Command  
  117  7:52  Supply Depot  
  117  7:53  Supply Depot  
  117  8:08  Armory  
  117  8:09  Engineering Bay  
  117  8:13  Marauder, Marine x3  
  117  8:17  SCV x2  
  117  8:18  SCV  
  127  8:20  Missile Turret, Marauder x2, Marine  
  127  8:23  Medivac  
  132  8:29  SCV  
  133  8:38  SCV, Marauder  
  133  8:39  SCV, Marine  
  133  8:40  Marine x2  
  133  8:41  Marauder  
  133  8:43  Marine  
  133  8:45  Marine  
  128  8:50  Widow Mine x2  
  128  8:52  SCV  
  128  8:55  SCV  
  127  8:57  Marine  
  127  8:58  Marine x2  
  127  8:59  Marauder  
  127  9:01  Marine  
  127  9:02  Marine x2  
  114  9:09  SCV x2  
  102  9:14  Marine  
  102  9:16  Marine x2  
  97  9:19  Marine  
  97  9:20  Marine x2  
  97  9:21  Marauder  
  104  9:24  SCV, Widow Mine x2  
  100  9:32  Marine  
  100  9:33  Marine  
  100  9:34  Marine  
  100  9:37  Marine  
  100  9:38  Ghost Academy, Marine x2  
  104  9:42  Marine  
  100  9:50  Command Center, Marine  
  100  9:51  Marine x2  
  87  9:55  Marine  
  87  9:56  Marine x2  
  87  9:59  SCV  
  82  10:03  SCV  
Tags
 
Add a new tag
Caveats
  • Supply blocks, unpowered buildings, or Contaminate may cause inaccurate times.
  • Supply counts are checked every 10 seconds.